 Dungeon Crawl Stone Soup version 0.29.1-1-gd02db6906a (webtiles) character file.

Game seed: 149780088848592223

188 RogueRain17 the Conjurer (level 5, -3/52 HPs)
             Began as a Demonspawn Conjurer on Sept 24, 2022.
             Was an Initiate of Vehumet.
             Slain by Natasha (5 damage)
             ... on level 4 of the Dungeon.
             The game lasted 00:08:39 (3717 turns).

RogueRain17 the Conjurer (Demonspawn Conjurer)      Turns: 3717, Time: 00:08:40

Health: -3/52      AC: 22    Str:  7    XL:     5   Next: 39%
Magic:  0/8        EV:  2    Int: 22    God:    Vehumet [......]
Gold:   112        SH:  0    Dex: 13    Spells: 5/8 levels left

rFire   . . .      SeeInvis .   (no weapon)
rCold   . . .      Faith    .   (no shield)
rNeg    . . .      Spirit   .   (body armour currently unavailable)
rPois   +          Reflect  .   (helmet currently unavailable)
rElec   .          Harm     .   (cloak currently unavailable)
rCorr   .          Rampage  .   (gloves currently unavailable)
Will    .....      NoTele   +   (boots currently unavailable)
Stlth   +++.......              (no amulet)
HPRegen 0.17/turn               (no ring)
MPRegen 0.11/turn               (no ring)

@: tree-form
A: stationary, stasis, torment immunity, boosted hp, (claws 1), thin skeletal
structure 1
a: Renounce Religion


You were on level 4 of the Dungeon.
You worshipped Vehumet.
Vehumet was noncommittal.
You were a tree.
You visited 2 branches of the dungeon, and saw 5 of its levels.

You collected 112 gold pieces.

Inventory:

Missiles
 g - a throwing net
 q - 3 silver javelins
Armour
 a - a +0 robe (melded)
 l - a +0 buckler
 p - a +2 leather armour of willpower
Jewellery
 r - an amulet of regeneration
Scrolls
 d - 3 scrolls of teleportation {unknown}
 f - 3 scrolls of identify {unknown}
 h - 2 scrolls of magic mapping {unknown}
 i - a scroll of noise {unknown}
 j - a scroll of enchant weapon {unknown}
 k - a scroll of vulnerability {unknown}
 m - a scroll of enchant armour {unknown}
 o - a scroll of poison {unknown}
 s - a scroll of amnesia {unknown}
 t - a scroll of blinking {unknown}
Potions
 c - a potion of might {unknown}
 e - 2 potions of flight {unknown}
 n - a potion of haste {unknown}
 u - a potion of attraction {unknown}


   Skills:
 - Level 1.7 Dodging
 - Level 1.7 Stealth
 + Level 2.3 Shields
 - Level 2.0 Spellcasting
 + Level 6.0 Conjurations


You had 5 spell levels left.
You knew the following spells:

 Your Spells              Type           Power      Damage    Failure   Level
a - Magic Dart            Conj           100%       1d8       1%          1
b - Searing Ray           Conj           56%        2d6       1%          2

Your spell library contained the following spells:

 Spells                   Type           Power      Damage    Failure   Level
 Dazzling Flash           Conj/Hex       30%        N/A       12%         3
 Slow                     Hex            8%         N/A       14%         1
 Summon Small Mammal      Summ           8%         N/A       14%         1
 Scorch                   Fire           4%         2d5       21%         2
 Flame Wave               Conj/Fire      15%        2d7       36%         4
 Fulminant Prism          Conj/Hex       7%         3d7       36%         4
 Iskenderun's Mystic Bla  Conj/Tloc      15%        2d5       36%         4
 Call Canine Familiar     Summ           2%         N/A       38%         3
 Confusing Touch          Hex            2%         N/A       38%         3
 Ozocubu's Armour         Ice            2%         N/A       38%         3
 Summon Guardian Golem    Hex/Summ       2%         N/A       38%         3
 Vampiric Draining        Necr           2%         2d6       38%         3
 Leda's Liquefaction      Hex/Erth       1%         N/A       80%         4
 Lee's Rapid Deconstruct  Erth           1%         3d5*      98%         5
 Statue Form              Tmut/Erth      1%         N/A       100%        6
 Summon Cactus Giant      Summ           1%         N/A       100%        6
 Ozocubu's Refrigeration  Ice            1%         4d7       100%        7


Dungeon Overview and Level Annotations

Branches:
Dungeon (4/15)             Temple (1/1) D:4

Altars:
Ashenzari
Cheibriados
Fedhas
Gozag
Hepliaklqana
Makhleb
Okawaru
Qazlal
Ru
Trog
Uskayaw
Vehumet
Xom
Yredelemnul

Shops:
D:4 =

Annotations:
D:3 Robin
D:4 Natasha


Innate Abilities, Weirdness & Mutations

You are a tree.
Your roots penetrate the ground, keeping you stationary.
You cannot be teleported.
You are immune to unholy pain and torment.
Your maximum health is greatly increased.
Your equipment is partially melded.
((You have sharp fingernails.))
You have a somewhat thin skeletal structure. (Dex +2, Stealth+)


Message History

Natasha is almost dead.
You finish channelling your searing ray.
Natasha casts a spell at you. The magic dart hits you.
* * * LOW HITPOINT WARNING * * *
The white imp hits you.
* * * LOW HITPOINT WARNING * * *
The white imp freezes you.
* * * LOW HITPOINT WARNING * * *
You barely miss Natasha.
Natasha is almost dead.
Natasha claws you but does no damage. The white imp gestures at you.
The puff of frost hits you but does no damage.
You closely miss Natasha.
Natasha is almost dead.
Natasha claws you but does no damage.
The white imp hits you but does no damage.
You closely miss Natasha.
Natasha is almost dead.
Natasha claws you but does no damage.
The white imp hits you but does no damage.
Casting: Searing Ray (safe; 1% risk of failure)
Confirm with . or Enter, or press ? or * to list all spells.
Aiming: Magic Dart (safe; 1% risk of failure)
Press: ? - help, Shift-Dir - straight line, f/p - Natasha
Aim: Natasha (almost dead, 100% to hit)
The magic dart hits Natasha.
Natasha is almost dead.
Natasha claws you but does no damage. The white imp gestures at you.
The puff of frost hits you but does no damage.
Unknown command.
Casting: Magic Dart (safe; 1% risk of failure)
Confirm with . or Enter, or press ? or * to list all spells.
You don't know that spell.
You barely miss Natasha.
Natasha is almost dead.
Natasha claws you.
You die...

#########
†......<#
#######.#
#.#####
#.....#
####.#.#.#
#........#
#.#...#..#
#..#♣#...#
#...h5..##
#..#)#..#
#.#...#.#
#.......#
#####..##
##.# #.# #
#.########


You could see Natasha and a white imp (summoned).

Vanquished Creatures
  Terence (D:3)
  Natasha (D:4)
  5 gnolls
  2 adders
  2 worms (D:3)
  2 dart slugs (D:1)
  An orc (D:4)
  4 endoplasms
  A giant cockroach (D:3)
  9 goblins
  6 hobgoblins
  3 jackals (D:1)
  2 quokkas
  3 ball pythons
  7 bats
  4 frilled lizards
  4 kobolds
  8 rats
65 creatures vanquished.

Vanquished Creatures (others)
  2 plants (D:1)
2 creatures vanquished.

Grand Total: 67 creatures vanquished

Notes
Turn   | Place    | Note
-------+----------+-------------------------------------------
     0 | D:1      | RogueRain17 the Demonspawn Conjurer began the quest for the
                  | Orb.
     0 | D:1      | Reached XP level 1. HP: 13/13 MP: 3/3
   360 | D:1      | Gained mutation: You have a somewhat thin skeletal
                  | structure. (Dex +2, Stealth+) [demonic ancestry]
   360 | D:1      | Reached XP level 2. HP: 13/19 MP: 0/5
   551 | D:1      | Found a faded altar of an unknown god.
   854 | D:1      | Reached skill level 5 in Conjurations
   856 | D:1      | Reached XP level 3. HP: 24/24 MP: 0/6
  1845 | D:2      | Reached skill level 1 in Shields
  1845 | D:2      | Reached XP level 4. HP: 18/30 MP: 3/7
  2738 | D:3      | Noticed Robin
  3097 | D:3      | Noticed Terence
  3118 | D:3      | Killed Terence
  3119 | D:3      | Gained mutation: You have sharp fingernails. [demonic
                  | ancestry]
  3119 | D:3      | Reached XP level 5. HP: 32/35 MP: 0/8
  3405 | D:4      | Found a staircase to the Ecumenical Temple.
  3406 | D:4      | Noticed Natasha
  3414 | D:4      | Killed Natasha
  3415 | D:4      | Reached skill level 6 in Conjurations
  3487 | Temple   | Entered the Ecumenical Temple
  3627 | Temple   | Became a worshipper of Vehumet
  3670 | D:4      | Learned a level 2 spell: Searing Ray
  3684 | D:4      | Found Muasinn's Jewellery Emporium.
  3684 | D:4      | Noticed Natasha
  3712 | D:4      | HP: 2/52 [white imp[Natasha] (2)]
  3717 | D:4      | Slain by Natasha

Illustrated notes

Levels and vault maps discovered:
D:1:      roderic_crop_circles_arrival_small, layout_basic,
          ebering_ecumenical_altar_sacrificial, minivault_23,
          minmay_split_cup_small
D:2:      layout_loops_ring
D:3:      layout_rooms, mainiacjoe_overflow_alcove_4, st_stairs_1, uniq_terence,
          uniq_robin
D:4:      layout_loops_ring, minmay_temple_entry_crystal_x,
          kennysheep_small_square, uniq_natasha, uniq_blork_the_orc
Temple:   nicolae_temple_superstar

Skill      XL: |  1  2  3  4  5 |
---------------+----------------+-----
Conjurations   | 5 6 |  6.0
Shields        | 1 2 |  2.3
Dodging        | |  1.7
Stealth        | |  1.7
Spellcasting   | |  2.0

Action                   |  1- 3 |  4- 6 || total
-------------------------+-------+-------++-------
Melee: Unarmed           |    11 |     8 ||    19
 Cast: Magic Dart        |    62 |    76 ||   138
       Searing Ray       |       |     2 ||     2
  Use: Potion            |     1 |     1 ||     2
Armor: Robe              |     8 |     3 ||    11
       Skin              |       |    10 ||    10
Dodge: Dodged            |    21 |    15 ||    36
